 Dungeon Crawl Stone Soup version 0.19-a0-1879-gd95bc26 (webtiles) character file.

373 Minion the Chopper (level 7, -1/52 HPs)
             Began as a Formicid Fighter on Oct 14, 2016.
             Was an Initiate of the Shining One.
             Slain by a slave (3 damage)
             ... led by Pikel
             ... on level 5 of the Dungeon.
             The game lasted 00:08:55 (3098 turns).

Minion the Chopper (Formicid Fighter)               Turns: 3098, Time: 00:08:56

Health: -1/52      AC:  8    Str: 20    XL:     7   Next: 2%
Magic:  7/7        EV:  8    Int:  8    God:    the Shining One [......]
Gold:   130        SH:  9    Dex: 12    Spells: 0 memorised, 6 levels left

rFire  . . .     SeeInvis +     a - +0 war axe
rCold  . . .     Gourm    .     b - +0 scale mail
rNeg   . . .     Faith    .     c - +0 shield
rPois  .         Spirit   .     (helmet unavailable)
rElec  .         Dismiss  .     (no cloak)
rCorr  .         Reflect  .     (no gloves)
MR     .....     Harm     .     p - +0 pair of boots (curse)
Stlth  ..........               (no amulet)
                                (no ring)
                                m - +1 ring of evasion

@: glowing
A: permanent stasis, dig shafts and tunnels, four strong arms, antennae 3
a: Dig, Shaft Self, Renounce Religion


You were on level 5 of the Dungeon.
You worshipped the Shining One.
The Shining One was noncommittal.
You were not hungry.

You visited 2 branches of the dungeon, and saw 6 of its levels.

You collected 130 gold pieces.

Inventory:

Hand Weapons
 a - a +0 war axe (weapon)
 x - a +0 trident of piercing
Armour
 b - a +0 scale mail (worn)
 c - a +0 shield (worn)
 p - a cursed +0 pair of boots (worn)
Jewellery
 m - a +1 ring of evasion (left hand)
Scrolls
 e - 2 scrolls of noise {unknown}
 l - 2 scrolls of random uselessness {unknown}
 o - 5 scrolls of identify {unknown}
 r - a scroll of enchant armour {unknown}
 t - 2 scrolls of remove curse {unknown}
Potions
 d - a potion of might
 g - a potion of haste {unknown}
 i - 2 potions of magic {unknown}
 j - 2 potions of agility {unknown}
 n - 3 potions of mutation {unknown}
 q - 3 potions of curing {unknown}
 s - a potion of cure mutation {unknown}
 u - a potion of resistance {unknown}
 z - 2 potions of invisibility {unknown}
Books
 v - a book of Minor Magic

   Spells                             Type                      Level
   a - Magic Dart                     Conjuration                  1
   b - Blink                          Translocation                2
   c - Call Imp                       Summoning                    2
   d - Repel Missiles                 Charms/Air                   2
   e - Slow                           Hexes                        2
   f - Conjure Flame                  Conjuration/Fire             3
   g - Mephitic Cloud                 Conjuration/Poison/Air       3
 w - a book of Conjurations

   Spells                             Type                      Level
   a - Magic Dart                     Conjuration                  1
   b - Searing Ray                    Conjuration                  2
   c - Dazzling Spray                 Conjuration/Hexes            3
   d - Fulminant Prism                Conjuration/Hexes            4
   e - Iskenderun's Mystic Blast      Conjuration                  4
   f - Iskenderun's Battlesphere      Conjuration/Charms           5
Comestibles
 f - 3 bread rations
 h - a meat ration
 k - a slice of pizza
 A - a royal jelly


   Skills:
 + Level 3.2 Fighting
 * Level 6.9 Axes
 + Level 3.2 Armour
 + Level 3.6 Shields


You had 6 spell levels left.
You didn't know any spells.

Dungeon Overview and Level Annotations

Branches:
Dungeon (5/15)             Temple (1/1) D:5

Altars:
Ashenzari
Cheibriados
Dithmenos
Elyvilon
Gozag
Hepliaklqana
Kikubaaqudgha
Makhleb
Nemelex Xobeh
Okawaru
Ru
Sif Muna
Trog
Uskayaw
Xom
Zin
The Shining One

Annotations:
D:5 Pikel


Innate Abilities, Weirdness & Mutations

You are under a permanent stasis effect.
You can dig through walls and to a lower floor.
Your four strong arms can wield two-handed weapons with a shield.
You have a pair of large antennae on your head. (SInv)


Message History

Pikel freezes you.
* * * LOW HITPOINT WARNING * * *
The slave hits you.
* * * LOW HITPOINT WARNING * * *
You closely miss Pikel.
Pikel is heavily wounded.
You hit the slave. x2; You hit the slave but do no damage.
Your shield prevents you from hitting the slave.
The slave hits you but does no damage. x2; The slave hits you.
* * * LOW HITPOINT WARNING * * *
Pikel hits you with a whip of freezing.
* * * LOW HITPOINT WARNING * * *
Pikel freezes you.
* * * LOW HITPOINT WARNING * * *
The slave closely misses you.
You slash Pikel!
Pikel is severely wounded.
You barely miss the slave. x2; You hit the slave but do no damage.
You hit the slave. The slave hits you but does no damage. The slave hits you.
You die...

##....##.#....#
#...._##.#....#
#.............#
................#
###....##.##)...#
...#####.##....####
#### #.##.......#
###....pKp##.#
#....###@....# #
#.8..._pp.8..# ..
#............# ..<
#.8.......8..#
....####...........##
.........8.......8.#
!..##..>...........#
#..........######
#.........##


You could see Pikel and 4 slaves.

Vanquished Creatures
  2 phantoms (D:4)
  A hound (D:4)
  A worker ant (D:4)
  4 adders
  An ooze (D:1)
  4 worms
  2 dart slugs
  3 leopard geckos
  2 orcs (D:2)
  2 ball pythons
  5 bats
  4 giant cockroaches
  4 goblins
  4 hobgoblins (D:1)
  14 jackals
  6 kobolds
  3 quokkas
  6 frilled lizards
  A leopard gecko skeleton (D:4)
  9 rats
78 creatures vanquished.

Vanquished Creatures (others)
  A goblin (D:3)
  4 toadstools (D:1)
5 creatures vanquished.

Grand Total: 83 creatures vanquished

Notes
Turn   | Place    | Note
-------+----------+-------------------------------------------
     0 | D:1      | Minion the Formicid Fighter began the quest for the Orb.
     0 | D:1      | Reached XP level 1. HP: 18/18 MP: 1/1
   126 | D:1      | Reached XP level 2. HP: 24/24 MP: 2/2
   144 | D:1      | Reached skill level 3 in Axes
   165 | D:1      | Reached XP level 3. HP: 24/29 MP: 3/3
   762 | D:2      | Found a faded altar of an unknown god.
  1039 | D:2      | Reached skill level 4 in Axes
  1039 | D:2      | Reached XP level 4. HP: 31/35 MP: 4/4
  1209 | D:2      | Found a burning altar of Makhleb.
  1840 | D:3      | Reached XP level 5. HP: 41/41 MP: 5/5
  1853 | D:3      | Found a white marble altar of Elyvilon.
  2175 | D:4      | Reached skill level 5 in Axes
  2198 | D:4      | Noticed a phantom
  2216 | D:4      | Killed a phantom
  2216 | D:4      | Reached skill level 6 in Axes
  2216 | D:4      | Reached XP level 6. HP: 27/47 MP: 6/6
  2372 | D:4      | Noticed a phantom
  2413 | D:4      | Killed a phantom
  2535 | D:4      | Found a shadowy altar of Dithmenos.
  2649 | D:4      | Reached XP level 7. HP: 52/52 MP: 7/7
  2944 | D:5      | Entered Level 5 of the Dungeon
  2944 | D:5      | Found a staircase to the Ecumenical Temple.
  2945 | D:5      | Found a hide-covered altar of Uskayaw.
  2958 | Temple   | Entered the Ecumenical Temple
  3007 | Temple   | Became a worshipper of the Shining One
  3065 | D:5      | Found an opulent altar of Gozag.
  3073 | D:5      | Noticed Pikel
  3097 | D:5      | HP: 1/52 [Pikel/whip of freezing (2)]
  3098 | D:5      | Slain by a slave

Vault maps used:
D:1:      ldierk_walled_garden_2, minmay_misc_feat_roman, st_stairs_3,
          nrook_mini_vaults
D:2:      nicolae_overflow_hidden_temple, ecumenical_altar_1, first_bread
D:3:      elyvilon_altar_4
D:4:      nicolae_dithmenos_the_darkroom
D:5:      eat_drink_and_be_merry_uskayaw, overflow_temple_1_default,
          overflow_temple_1_default, uniq_pikel
Temple:   eino_narrow_crystal_temple

Skill      XL: |  1  2  3  4  5 |
---------------+----------------+-----
Axes           | 3 4 6 |  6.9
Fighting       | |  3.2
Armour         | |  3.2
Shields        | |  3.6

Action                   |  1- 3 |  4- 6 |  7- 9 || total
-------------------------+-------+-------+-------++-------
Melee: War axe           |    93 |   160 |    12 ||   265
  Eat: Fruit             |       |     3 |       ||     3
       Chunk             |       |     3 |       ||     3
       Pizza             |       |       |     1 ||     1
Armor: Scale mail        |    37 |    77 |     9 ||   123
Dodge: Dodged            |    28 |    58 |     8 ||    94
Block: Shield            |    39 |    70 |     9 ||   118
